 Dungeon Crawl Stone Soup version 0.15.1-4-gac8487e (webtiles) character file.

43 Nicoed the Bolt Thrower (level 3, 0/31 HPs)
             Began as a Deep Dwarf Hunter on Oct 13, 2014.
             Killed from afar by Terence (6 damage)
             ... with a wand of flame
             ... on Level 2 of the Dungeon.
             The game lasted 00:06:34 (997 turns).

Nicoed the Bolt Thrower (Deep Dwarf Hunter)          Turns: 997, Time: 00:06:34

HP   0/31        AC  2     Str 16      XL: 3   Next: 37%
MP   3/3         EV 13     Int 11      God:
Gold 33          SH  0     Dex 13      Spells:  0 memorised,  2 levels left

rFire  . . .     SeeInvis .     b - +1 hand crossbow
rCold  . . .     Clarity  .     g - +0 robe
rNeg   . . .     rCorr    .     (no shield)
rPois  .         rRot     .     (no helmet)
rElec  .         Spirit   .     (no cloak)
SustAb .         Warding  .     (no gloves)
rMut   .         Stasis   .     (no boots)
Gourm  .                        (no amulet)
MR     .....                    (no ring)
                                (no ring)

@: non-regenerating, not resistant to hostile enchantments, unstealthy
A: damage resistance, recharge devices, sense surroundings 1, slow healing 3
a: Device Recharging


You were on level 2 of the Dungeon.
You were not hungry.

You visited 1 branch of the dungeon, and saw 2 of its levels.

You collected 33 gold pieces.

Inventory:

Hand weapons
 a - a +0 short sword
 b - a +1 hand crossbow (weapon)
Missiles
 c - 5 bolts (quivered)
 o - 20 arrows
Armour
 g - a +0 robe (worn)
Magical devices
 e - a wand of heal wounds (3)
Comestibles
 f - 2 bread rations
 h - 5 fruits
Scrolls
 d - 5 scrolls of remove curse {unknown}
 j - a scroll of enchant weapon {unknown}
 k - a scroll of enchant armour {unknown}
 m - 3 scrolls of identify {unknown}
 n - a scroll of teleportation {unknown}
 p - a scroll of amnesia {unknown}
 q - a scroll of fog {unknown}
Potions
 i - a potion of curing {unknown}
 l - a potion of haste {unknown}


   Skills:
 + Level 1.5 Fighting
 * Level 4.9 Crossbows
 + Level 1.2 Armour
 + Level 2.8 Dodging
 - Level 1.2 Stealth


You had 2 spell levels left.
You didn't know any spells.

Dungeon Overview and Level Annotations

Branches:
Dungeon (2/15)

Altars:
Elyvilon
Qazlal

Annotations:
D:2 Terence


Innate Abilities, Weirdness & Mutations

You are resistant to damage.
You can recharge devices by infusing magical energy.
You passively map a small area around you.
You do not heal naturally.


Message History

Press: ? - help, Shift-Dir - straight line, f/p - Terence
Aim: Terence, wielding a runed short sword, wearing a scale mail and carrying a wand of flame {zapped: 3} You shoot a bolt.
The bolt hits Terence.
Terence is lightly wounded.
Terence zaps a wand.
The puff of flame hits you!
* * * LOW HITPOINT WARNING * * *
Zapping:
e - a wand of heal wounds (4)
Press: ? - help, Shift-Dir - straight line, f - you, p - Terence You feel much better.
This wand has 3 charges left.
Terence zaps a wand.
The puff of flame hits you!
Firing (i - inventory):
c - 6 bolts (quivered)
Press: ? - help, Shift-Dir - straight line, f - Terence
Aim: Terence, wielding a runed short sword, wearing a scale mail and carrying a wand of flame {zapped: 5} (lightly wounded)
You shoot a bolt.
The bolt hits Terence but does no damage.
Terence is lightly wounded.
Terence zaps a wand.
The puff of flame hits you!
* * * LOW HITPOINT WARNING * * *
Terence zaps a wand.
The puff of flame hits you!
You die...

### ###..# * ..# ###* * ,
.(.. , * #.# #.. * *
#(#####.# #.# #.#*
##($.....# * #.# #.#
##...###### #.# #(####
##@....## #.# #.##.##
##.......##
..######.#...####.......>.#
..[............%@.........+
####.###.#...####.........#*
#.# #.##.## ##[......## * #
#.# #.....# ##.....## # #.#
####..# ##..%## # #.# * #..#
##+## # #.. ...# , # ###
##.# , . *


You could see Terence.

Vanquished Creatures
  2 worms (D:2)
  A giant gecko (D:2)
  3 goblins
  4 hobgoblins
  2 ball pythons
  6 bats
  7 giant newts
  4 kobolds (D:1)
  3 rats
32 creatures vanquished.

Notes
Turn   | Place    | Note
--------------------------------------------------------------
     0 | D:1      | Nicoed, the Deep Dwarf Hunter, began the quest for the Orb.
     0 | D:1      | Reached XP level 1. HP: 16/16 MP: 1/1
    27 | D:1      | Reached skill level 1 in Fighting
   206 | D:1      | Reached XP level 2. HP: 15/25 MP: 2/2
   449 | D:1      | Found a stormy altar of Qazlal.
   650 | D:2      | Reached skill level 1 in Armour
   702 | D:2      | Reached XP level 3. HP: 14/31 MP: 3/3
   814 | D:2      | Found a white marble altar of Elyvilon.
   983 | D:2      | Noticed Terence
   993 | D:2      | HP: 1/31 [Terence/wand of flame (6)]
   997 | D:2      | Killed from afar by Terence

Action                   || total
-------------------------++-------
 Fire: Hand crossbow     ||    80
Evoke: Wand              ||     2
